 Dungeon Crawl Stone Soup version 0.31-a0-177-g4aa6249778 (webtiles) character file.

Game seed: 4020396227938524422

1255 qw the Cleaver (level 8, -5/49 HPs)
             Began as a Gargoyle Fighter on June 18, 2023.
             Slain by an ogre
             ... wielding a +0 giant club
              (8 damage)
             ... on level 5 of the Dungeon.
             The game lasted 00:02:27 (4405 turns).

qw the Cleaver (Gargoyle Fighter)                   Turns: 4405, Time: 00:02:28

Health: -5/49      AC: 13    Str: 23    XL:     8   Next: 51%
Magic:  17/17      EV:  9    Int:  8    God:
Gold:   166        SH:  4    Dex:  9    Spells: 7/7 levels left

rFire   x . .        Y - +0 war axe
rCold   . . .        c - +0 buckler
rNeg    + + +        b - +0 scale mail
rPois   inf          (no helmet)
rElec   +            (no cloak)
rCorr   .            p - +0 pair of gloves
SInv    .            (no boots)
Will    .....        m - amulet of Refege {Faith rF- rN+ MP+9} Stlth
                     g - ring of positive energy
HPRegen 0.28/turn    (no ring)
MPRegen 0.15/turn

%: faith
@: very slow
A: sickness immunity, AC +5, negative energy resistance 1, electricity
resistance, torment resistance 1, petrification resistance
a: no special abilities


You were on level 5 of the Dungeon.
You visited 1 branch of the dungeon, and saw 5 of its levels.

You collected 166 gold pieces.


Innate Abilities, Weirdness & Mutations

You are immune to sickness and miasma.
Your stone body is resilient. (AC +5)
You are immune to poison.
You resist negative energy. (rN+)
You are resistant to electric shocks. (rElec)
You are resistant to unholy torment.
You are immune to petrification.


   Skills:
 + Level 5.1 Fighting
 - Level 8.1 Axes
 - Level 2.5 Throwing
 - Level 3.2 Armour
 - Level 1.1 Dodging
 - Level 3.2 Shields


You had 7 spell levels left.
You didn't know any spells.
Your spell library was empty.

Inventory:

Hand Weapons
 n - a +0 morningstar
 Y - a +0 war axe (weapon)
Missiles
 k - 4 boomerangs (quivered)
Armour
 b - a +0 scale mail (worn)
 c - a +0 buckler (worn)
 p - a +0 pair of gloves (worn)
Jewellery
 e - a ring of fire
 g - a ring of positive energy (left hand)
 m - the amulet of Refege (around neck) {Faith rF- rN+ MP+9}
   (You acquired it on level 3 of the Dungeon)

   [amulet of faith]

   It allows you to gain divine favour quickly.
   rF:        It makes you vulnerable to fire.
   rN:        It protects you from negative energy.
   MP:        It affects your magic capacity (+9).
Scrolls
 l - a scroll of identify
Potions
 a - 2 potions of curing
 d - 2 potions of might
 f - a potion of invisibility {unknown}
 h - a potion of lignification {unknown}
 i - a potion of brilliance {unknown}
 j - a potion of haste {unknown}
 o - a potion of degeneration {unknown}
 q - a potion of cancellation {unknown}

Dungeon Overview and Level Annotations

Branches:
Dungeon (5/15)
 Temple: D:4-7

Altars:
Gozag
Hepliaklqana
Yredelemnul

Shops:
D:1 ?(

Annotations:
D:1 2 transporters
D:4 3 runed translucent doors, qw's ghost, amateur NaHu


Message History

The slug dart hits you but does no damage.
The dart slug launches a dart at you.
The slug dart hits you but does no damage.
Your unstable footing causes you to fumble your attack.
The ogre hits you with a +0 giant club! The dart slug launches a dart at you.
The slug dart hits you but does no damage.
The dart slug launches a dart at you. The slug dart misses you.
The slug dart hits the dart slug.
You hit the dart slug.
You kill the dart slug!
You closely miss the ogre. The dart slug launches a dart at you.
The slug dart misses you.
Your unstable footing causes you to fumble your attack.
The ogre hits you with a +0 giant club!
Your unstable footing causes you to fumble your attack.
The ogre barely misses you.
You barely miss the ogre. The ogre hits you with a +0 giant club!
Your unstable footing causes you to fumble your attack.
Your unstable footing causes you to fumble your attack.
The ogre hits you with a +0 giant club! The dart slug launches a dart at you.
The slug dart hits you. The dart slug launches a dart at you.
The slug dart hits you but does no damage.
Your unstable footing causes you to fumble your attack.
The ogre barely misses you. The dart slug launches a dart at you.
The slug dart hits you but does no damage.
You hit the ogre.
The ogre is lightly wounded.
The dart slug launches a dart at you.
The slug dart hits you but does no damage.
The ogre barely misses you.
Your unstable footing causes you to fumble your attack.
Your unstable footing causes you to fumble your attack.
The ogre hits you with a +0 giant club!
You die...

#.. #.~#~~~~~~~~~~~~~.
...# #~~~~~~~~~~~~8~~#~
....###~~~.8.~...~~~.#~~
....[...~~.<[..<.....~~.
.......~~#~.~~..[~~$.~~~
.......#~~~#~~~~~~#w~~~~
......[.~~~~#~~~~~~~~~~#
.........~#~~~~~~~~~~~..
.........~~~~~~O@~#~#~..
..........~~~~~~~~w~~...
.........##.~~~~~~~.....
###......#...~~.~~......
#......#.............#
..........###........#
..# ##.......# ..
##.....##


You could see an ogre and 2 dart slugs.

Vanquished Creatures
  A wyvern (D:4)
  Duvessa (D:5)
  A phantom (D:3)
  A necrophage (D:4)
  A scorpion (D:4)
  2 wights (D:4)
  Dowan (D:5)
  A bullfrog zombie (D:4)
  A centaur zombie (D:4)
  A human zombie (D:4)
  2 hounds
  2 orc priests (D:2)
  A sleepcap (D:5)
  An iguana (D:4)
  Natasha (thrice) (D:2)
  A scorpion zombie (D:4)
  An orc wizard (D:2)
  2 hound zombies (D:4)
  A mummy (D:4)
  A gnoll (D:1)
  7 adders
  2 adder zombies (D:4)
  3 worms
  10 dart slugs
  9 orcs
  10 ball pythons
  11 endoplasms
  2 giant cockroaches
  5 goblins
  12 hobgoblins
  4 jackals (D:1)
  7 kobolds
  A quokka (D:2)
  5 bats (D:1)
  3 frilled lizards (D:3)
  5 rats
122 creatures vanquished.

Notes
Turn   | Place    | Note
-------+----------+-------------------------------------------
     0 | D:1      | qw the Gargoyle Fighter began the quest for the Orb.
     0 | D:1      | Reached XP level 1. HP: 14/14 MP: 1/1
     0 | D:1      | 0 ||| qw: Version: 0.3-a-7-ge0c9b40
     0 | D:1      | 0 ||| qw: Game counter: 781
     0 | D:1      | 0 ||| qw: Always use a shield: true
     0 | D:1      | 0 ||| qw: God list: Okawaru
     0 | D:1      | 0 ||| qw: Allow faded altars: false
     0 | D:1      | 0 ||| qw: Do Orc after D:15 true
     0 | D:1      | 0 ||| qw: Do second Lair branch before Depths: true
     0 | D:1      | 0 ||| qw: Lair rune preference: random
     0 | D:1      | 0 ||| qw: Plans: Normal, Zot:1-4, Slime:5, God:TSO, Crypt,
                  | Tomb, Abyss, Pan, Hells, Win
     0 | D:1      | 0 ||| PLANNING D:1-11
    34 | D:1      | Reached skill level 2 in Axes
    59 | D:1      | 59 ||| Stepping ~*~*~tactically~*~*~ (hiding).
    65 | D:1      | Reached XP level 2. HP: 17/19 MP: 2/2
   129 | D:1      | Found a transporter.
   129 | D:1      | Found Juabol's Weapon Shop.
   150 | D:1      | Found a transporter.
   200 | D:1      | 200 ||| Stepping ~*~*~tactically~*~*~ (hiding).
   201 | D:1      | 201 ||| Stepping ~*~*~tactically~*~*~ (hiding).
   203 | D:1      | 203 ||| Stepping ~*~*~tactically~*~*~ (hiding).
   204 | D:1      | 204 ||| Stepping ~*~*~tactically~*~*~ (hiding).
   207 | D:1      | 207 ||| Stepping ~*~*~tactically~*~*~ (hiding).
   258 | D:1      | Reached skill level 3 in Axes
   281 | D:1      | Found Imneeg's Magic Scroll Shoppe.
   294 | D:1      | Reached XP level 3. HP: 23/23 MP: 3/3
   311 | D:1      | 311 ||| SHOPLISTING scroll of enchant armour (97 gold, have
                  | 13).
   311 | D:1      | 311 ||| SHOPLISTING scroll of teleportation (39 gold, have
                  | 13).
   415 | D:1      | 415 ||| Stepping ~*~*~tactically~*~*~ (stealth).
   417 | D:1      | 417 ||| Stepping ~*~*~tactically~*~*~ (stealth).
   421 | D:1      | 421 ||| Stepping ~*~*~tactically~*~*~ (stealth).
   505 | D:1      | 505 ||| FLEEEEING.
   506 | D:1      | 506 ||| FLEEEEING.
   638 | D:1      | 638 ||| UPGRADING to ring of positive energy.
   639 | D:1      | 639 ||| READING scroll labelled OCANLA BOEDGH.
   640 | D:1      | 640 ||| READING scroll labelled WUINWE QURO.
   641 | D:1      | 641 ||| READING scroll labelled BOZOVVETAPS.
   689 | D:2      | Noticed Natasha
   702 | D:2      | Killed Natasha
   703 | D:2      | Reached skill level 4 in Axes
   703 | D:2      | Reached XP level 4. HP: 19/28 MP: 4/4
   796 | D:2      | 796 ||| Stepping ~*~*~tactically~*~*~ (hiding).
   819 | D:2      | 819 ||| DROPPING +0 whip.
   820 | D:2      | 820 ||| DROPPING +0 club.
   901 | D:2      | Noticed Natasha
   907 | D:2      | Killed Natasha
   908 | D:2      | Reached XP level 5. HP: 32/32 MP: 5/5
   917 | D:2      | Noticed Natasha
   918 | D:2      | 918 ||| Stepping ~*~*~tactically~*~*~ (hiding).
   925 | D:2      | Killed Natasha
   956 | D:2      | Identified the +0 robe of Death's Door {-Cast +Inv rElec
                  | Will++}
   982 | D:2      | Found an opulent altar of Gozag.
  1037 | D:2      | 1037 ||| Stepping ~*~*~tactically~*~*~ (hiding).
  1258 | D:2      | Reached skill level 5 in Axes
  1293 | D:2      | 1293 ||| Stepping ~*~*~tactically~*~*~ (hiding).
  1319 | D:2      | HP: 6/33 [something (3)]
  1323 | D:2      | HP: 2/33 [something (2)]
  1327 | D:2      | Reached XP level 6. HP: 4/38 MP: 6/6
  1551 | D:2      | Reached skill level 1 in Dodging
  1727 | D:2      | 1727 ||| READING scroll labelled MOWKOCOXZA.
  1728 | D:2      | 1728 ||| DRINKING 3 glowing yellow potions.
  1993 | D:3      | Found a faded altar of an unknown god.
  2144 | D:3      | 2144 ||| Stepping ~*~*~tactically~*~*~ (hiding).
  2289 | D:3      | 2289 ||| Stepping ~*~*~tactically~*~*~ (stealth).
  2291 | D:3      | 2291 ||| Stepping ~*~*~tactically~*~*~ (stealth).
  2453 | D:3      | 2453 ||| READING scroll labelled APOVEIFUNO.
  2453 | D:3      | Identified a scroll of acquirement
  2453 | D:3      | 2453 ||| ACQUIRING amulet of Refege {Faith rF- rN+ MP+9}
  2453 | D:3      | Acquired the amulet of Refege {Faith rF- rN+ MP+9}
  2455 | D:3      | 2455 ||| UPGRADING to amulet of Refege {Faith rF- rN+
                  | MP+9}.
  2525 | D:3      | 2525 ||| READING scroll labelled ZAL BATHRUPAF.
  2526 | D:3      | 2526 ||| READING scroll labelled CUXKETR PUFO.
  2557 | D:4      | 2557 ||| Stepping ~*~*~tactically~*~*~ (stealth).
  2575 | D:4      | Reached skill level 6 in Axes
  2575 | D:4      | Reached XP level 7. HP: 43/43 MP: 7/7
  2796 | D:4      | Found a basalt altar of Yredelemnul.
  2806 | D:4      | Reached skill level 7 in Axes
  2882 | D:4      | 2882 ||| DROPPING +0 mace.
  3002 | D:4      | Found a runed translucent gate.
  3002 | D:4      | Noticed qw's ghost (amateur NaHu)
  3003 | D:4      | Found a runed translucent gate.
  3003 | D:4      | Found a runed translucent gate.
  3005 | D:4      | Identified the +6 hand axe of Mefi {antimagic, *Noise rElec
                  | rC+++ Dex-5}
  3005 | D:4      | Identified the +3 leather armour of the Cockroach {rElec
                  | Str+2}
  3178 | D:4      | Noticed a wyvern
  3179 | D:4      | 3179 ||| Stepping ~*~*~tactically~*~*~ (stealth).
  3180 | D:4      | 3180 ||| Stepping ~*~*~tactically~*~*~ (stealth).
  3199 | D:4      | HP: 8/44 [wyvern (6)]
  3200 | D:4      | 3200 ||| READING scroll of teleportation.
  3201 | D:4      | Killed a wyvern
  3202 | D:4      | Reached XP level 8. HP: 6/49 MP: 8/8
  3358 | D:4      | 3358 ||| Stepping ~*~*~tactically~*~*~ (stealth).
  3364 | D:4      | 3364 ||| Stepping ~*~*~tactically~*~*~ (stealth).
  3480 | D:4      | Found a hazy altar of Hepliaklqana.
  4011 | D:4      | 4011 ||| UPGRADING to +0 pair of gloves.
  4016 | D:4      | 4016 ||| READING scroll labelled ISSUEBUDUO.
  4043 | D:5      | Entered Level 5 of the Dungeon
  4047 | D:5      | 4047 ||| Stepping ~*~*~tactically~*~*~ (water).
  4058 | D:5      | 4058 ||| Stepping ~*~*~tactically~*~*~ (water).
  4093 | D:5      | Noticed Dowan
  4093 | D:5      | Noticed Duvessa
  4095 | D:5      | 4095 ||| FLEEEEING.
  4096 | D:5      | 4096 ||| FLEEEEING.
  4097 | D:5      | 4097 ||| FLEEEEING.
  4105 | D:5      | HP: 11/49 [Duvessa/+0 rapier (4)]
  4109 | D:5      | Killed Duvessa
  4114 | D:5      | HP: 6/49 [Dowan/+1 dagger of venom (6)]
  4115 | D:5      | Killed Dowan
  4120 | D:5      | 4120 ||| FLEEEEING.
  4125 | D:5      | 4125 ||| FLEEEEING.
  4126 | D:5      | 4126 ||| FLEEEEING.
  4127 | D:5      | 4127 ||| STAIRDANCE
  4307 | D:5      | 4307 ||| STAIRDANCE
  4317 | D:4      | Reached skill level 8 in Axes
  4401 | D:5      | HP: 2/49 [ogre/+0 giant club (15)]
  4405 | D:5      | Slain by an ogre

Levels and vault maps discovered:
D:1:      saegor_arrival_simple_d, layout_rooms, serial_shops,
          nicolae_shop_drivethru, nicolae_diamond_shop
D:2:      cheibrodos_old_hovel, layout_loops_ring, basic_altar,
          minmay_liquid_box, kennysheep_flooded_box, uniq_natasha
D:3:      layout_basic, hellmonk_ecumenical_altar_arch_garden,
          serial_bayou_pond_e
D:4:      layout_basic, nicolae_hepliaklqana_hippocampus,
          lemuel_mausoleum_altar_yredelemnul, biasface_ghost_orc_armoury,
          roderic_lattice_a
D:5:      kennysheep_slugbush, layout_layer_cave,
          minmay_temple_entry_statues_pillars, st_stairs_4, uniq_duvessa,
          uniq_menkaure

Skill      XL: |  1  2  3  4  5  6  7  8 |
---------------+-------------------------+-----
Axes           | 2 3 4 5 6 7 8 |  8.1
Fighting       | 4 5 |  5.1
Dodging        | 1 |  1.1
Throwing       | 2 |  2.5
Armour         | |  3.2
Shields        | |  3.2

Action                     |  1- 3 |  4- 6 |  7- 9 || total
---------------------------+-------+-------+-------++-------
  Melee: War axe           |   107 |   167 |   166 ||   440
  Throw: Boomerang         |       |    41 |    28 ||    69
    Use: Scroll            |     3 |     4 |     2 ||     9
         Potion            |       |     1 |       ||     1
 Armour: Scale mail        |    77 |   107 |    84 ||   268
  Dodge: Dodged            |    56 |    74 |    59 ||   189
  Block: Buckler           |    15 |    33 |    26 ||    74

Table legend:
 A = Non-vault XP
 B = Vault XP
 C = Vault XP percentage of total XP
 D = Non-vault monster count
 E = Vault monster count
 F = Vault count percentage of total count
                 A         B        C        D         E       F
            +---------+---------+-------+---------+---------+-------
      Total |    1028 |     766 |  42.7 |     100 |      22 |  18.0
            +---------+---------+-------+---------+---------+-------
        D:1 |      65 |       0 |   0.0 |      29 |       0 |   0.0
        D:2 |     267 |      41 |  13.3 |      25 |       2 |   7.4
        D:3 |     222 |       0 |   0.0 |      24 |       0 |   0.0
        D:4 |     434 |     483 |  52.7 |      21 |      12 |  36.4
        D:5 |      40 |     242 |  85.8 |       1 |       8 |  88.9
            +---------+---------+-------+---------+---------+-------
